Map: Sanctuary III LE

Players

Fjant

  • Race: Zerg Zerg
  • League: Grandmaster
  • Spawn Location: 7:00

BabyMarine - Winner!

  • Race: Terran Terran
  • Spawn Location: 1:00

Event: HomeStory Cup XXIX

VOD

Have the link to the VOD?

Description

Time

  • Played on: July 4, 2026, 12:12 p.m.
  • Length: 13:19

All games in this series

Show
View Real Time Build Order
Export as new Build Order

Fjant Zerg 

Build Orders: Pool First 

Get SALT Encoding   

  8  0:00  Drone  
  9  0:12  Drone  
  10  0:16  Drone  
  11  0:23  Drone  
  12  0:33  Overlord  
  12  0:43  Extractor, Drone  
  13  0:51  Drone  
  13  0:52  Drone  
  15  1:02  Drone  
  16  1:08  Spawning Pool  
  15  1:12  Drone  
  16  1:23  Drone  
  17  1:36  Hatchery  
  17  1:39  Drone  
  17  1:44  Drone  
  17  1:45  Extractor  
  17  1:56  Zergling x2  
  17  2:00  Queen  
  20  2:06  Overlord  
  20  2:12  Extractor  
  20  2:13  Drone  
  21  2:25  Drone  
  22  2:33  Drone  
  23  2:37  Queen  
  23  2:43  Overlord  
  25  2:46  Metabolic Boost  
  25  2:53  Zergling x4  
  27  3:03  Drone x2  
  29  3:09  Extractor  
  29  3:10  Drone x2  
  30  3:13  Drone x2  
  32  3:20  Drone  
  32  3:21  Drone  
  34  3:36  Drone x2  
  34  3:40  Drone x2  
  38  3:43  Hatchery  
  36  3:49  Drone x3  
  39  3:57  Overlord x2  
  39  3:58  Overlord  
  39  4:07  Drone  
  40  4:15  Queen  
  42  4:21  Queen  
  42  4:23  Drone x7  
  51  4:29  Drone  
  52  4:32  Zergling x2  
  52  4:35  Baneling Nest, Zergling x2  
  52  4:36  Zergling x4  
  55  4:41  Zergling x2  
  55  4:42  Zergling x2  
  57  4:51  Queen, Zergling x2  
  60  4:54  Zergling x2  
  60  4:58  Zergling x2  
  62  5:00  Queen  
  62  5:03  Drone  
  62  5:05  Drone x2, Overlord  
  62  5:06  Overlord  
  67  5:09  Overlord  
  67  5:20  Overlord x2  
  64  5:23  Overlord  
  64  5:24  Drone x3  
  64  5:26  Drone x2  
  69  5:30  Drone  
  69  5:31  Spore Crawler  
  69  5:32  Drone  
  69  5:34  Drone x2  
  72  5:40  Drone x3  
  76  5:48  Drone x2  
  78  5:50  Lair  
  78  5:53  Extractor  
  76  6:01  Zergling x10  
  68  6:11  Zergling x4  
  68  6:12  Zergling x18  
  68  6:15  Drone  
  68  6:16  Drone  
  77  6:23  Drone  
  78  6:26  Drone x2  
  78  6:27  Drone  
  78  6:28  Drone x2  
  83  6:33  Drone  
  83  6:35  Drone  
  83  6:36  Drone  
  83  6:37  Evolution Chamber x2  
  83  6:39  Drone x2  
  86  6:41  Drone  
  86  6:43  Drone  
  86  6:44  Hatchery  
  86  6:45  Drone  
  88  6:48  Drone  
  89  6:55  Centrifugal Hooks, Drone x4  
  89  7:00  Zergling x4  
  95  7:01  Queen  
  95  7:03  Extractor, Zerg Melee Weapons Level 1, Zerg Ground Armor Level 1  
  96  7:09  Zergling x10  
  96  7:10  Overlord  
  101  7:16  Zergling x6  
  101  7:17  Burrow  
  101  7:20  Zergling x4  
  106  7:29  Drone x5  
  110  7:32  Drone  
  110  7:36  Drone x2  
  110  7:37  Overlord x2  
  113  7:39  Drone x3, Overlord  
  116  7:46  Drone  
  116  7:47  Overseer  
  116  7:51  Hydralisk Den  
  116  7:52  Extractor  
  116  7:55  Zergling x2  
  116  7:56  Zergling x8  
  116  7:58  Baneling x3  
  119  8:00  Baneling x4  
  119  8:02  Zergling x6  
  122  8:06  Zergling x4  
  122  8:07  Baneling x2  
  122  8:08  Zergling x4  
  126  8:16  Zergling x2  
  126  8:17  Zergling x2  
  124  8:20  Drone x5, Hatchery  
  124  8:21  Drone x2  
  124  8:25  Zergling x2  
  124  8:26  Zergling x2  
  132  8:27  Muscular Augments, Overlord  
  132  8:30  Zergling x2  
  132  8:33  Hatchery  
  132  8:34  Baneling x4  
  132  8:36  Zergling x6  
  133  8:43  Zergling x12  
  133  8:51  Zergling x8  
  133  8:52  Zergling x8  
  136  9:00  Zergling x4  
  136  9:02  Zergling x2  
  128  9:12  Zergling x10  
  128  9:13  Baneling  
  128  9:14  Baneling x7  
  132  9:18  Baneling  
  132  9:19  Baneling x6  
  132  9:20  Zergling x2  
  132  9:21  Zergling x4  
  132  9:22  Extractor x2, Overlord x3  
  133  9:26  Baneling x2, Hatchery  
  133  9:30  Zergling x6  
  133  9:31  Grooved Spines  
  135  9:33  Zergling x4  
  136  9:42  Zergling x8  
  133  9:46  Zergling x10  
  133  9:49  Zergling x4  
  133  9:50  Zerg Ground Armor Level 2, Zerg Melee Weapons Level 2  
  132  10:00  Zergling x16  
  132  10:01  Baneling x8  
  139  10:09  Zergling x18  
  141  10:14  Hydralisk x3  
  141  10:16  Zergling x8  
  141  10:17  Queen x2  
  141  10:20  Baneling  
  155  10:24  Zergling x10  
  155  10:25  Zergling x6, Pneumatized Carapace  
  156  10:29  Zergling x2  
  156  10:33  Zergling x8  
  147  10:36  Zergling x2  
  147  10:38  Baneling x7  
  147  10:39  Zergling x2  
  147  10:40  Zergling x4, Queen x2  
  155  10:43  Baneling x2  
  155  10:44  Zergling x12, Queen  
  155  10:47  Extractor, Baneling x2  
  155  10:48  Zergling x2  
  155  10:49  Zergling x6  
  166  10:52  Zergling x2  
  168  10:58  Overlord x4  
  168  11:02  Overlord  
  163  11:09  Zergling x2  
  163  11:10  Zergling x12  
  142  11:15  Baneling x7  
  134  11:18  Zergling x12  
  134  11:20  Zergling x2  
  134  11:22  Hydralisk x4  
  127  11:28  Zergling x2  
  127  11:30  Hydralisk x2  
  127  11:32  Hydralisk x3  
  118  11:34  Hydralisk  
  125  11:40  Zergling x8  
  125  11:45  Zergling x10  
  124  11:58  Zergling x2  
  124  11:59  Zergling x16  
  124  12:01  Zergling x4  
  135  12:04  Overseer x2  
  135  12:06  Zergling x10  
  137  12:08  Zergling x6  
  137  12:11  Drone  
  137  12:14  Zergling x6, Infestation Pit  
  142  12:21  Zergling x2  
  140  12:24  Zergling x12  
  140  12:29  Zergling x4  
  146  12:33  Drone x2  
  148  12:37  Baneling x14  
  148  12:40  Hatchery  
  148  12:42  Zergling x10  
  116  12:55  Hydralisk x6  
  109  12:58  Zergling x2  
  109  12:59  Zergling x4  
Show
View Real Time Build Order
Export as new Build Order

BabyMarine Terran - Winner!

Build Orders: Reaper Expand 

Get SALT Encoding   

  8  0:00  SCV  
  9  0:12  SCV  
  10  0:24  SCV  
  10  0:28  Supply Depot  
  11  0:36  SCV  
  12  0:48  SCV  
  13  0:54  Barracks  
  13  1:01  SCV  
  14  1:05  Refinery  
  14  1:13  SCV  
  15  1:25  SCV  
  16  1:41  Orbital Command  
  16  1:48  Reaper  
  17  2:06  Command Center  
  17  2:10  SCV  
  18  2:20  Supply Depot  
  18  2:22  Marine  
  19  2:24  SCV  
  20  2:34  Factory  
  20  2:38  SCV  
  22  2:45  Barracks Reactor  
  22  2:49  Refinery  
  22  2:50  SCV  
  22  3:07  SCV  
  23  3:19  SCV  
  24  3:21  Starport  
  24  3:28  Hellion x2  
  24  3:34  Orbital Command  
  28  3:35  SCV  
  28  3:36  Barracks Tech Lab  
  29  3:47  SCV  
  29  3:50  Hellion  
  29  3:51  Hellion  
  33  4:00  Liberator  
  36  4:03  SCV  
  36  4:04  SCV  
  38  4:11  Supply Depot  
  39  4:17  SCV  
  39  4:23  Hellion, SCV  
  42  4:33  Hellion, Supply Depot  
  42  4:35  SCV  
  42  4:36  SCV  
  46  4:44  Liberator  
  46  4:45  Stimpack  
  49  4:48  SCV  
  50  4:55  SCV  
  51  5:03  Command Center  
  51  5:06  SCV  
  52  5:07  Supply Depot  
  52  5:08  SCV  
  52  5:11  Hellion  
  55  5:15  Hellion  
  55  5:18  SCV  
  58  5:23  Supply Depot  
  58  5:28  SCV  
  58  5:32  Barracks  
  57  5:35  Barracks  
  57  5:37  SCV  
  57  5:42  Starport Reactor  
  58  5:43  SCV  
  58  5:49  SCV  
  60  5:51  Marine, Factory Reactor  
  60  5:54  Engineering Bay  
  60  5:55  Engineering Bay  
  60  5:56  SCV  
  62  6:00  Refinery x2  
  62  6:01  SCV  
  63  6:08  SCV, Marine  
  63  6:13  SCV  
  63  6:17  Orbital Command  
  61  6:26  Barracks, Marine  
  61  6:29  Terran Infantry Weapons Level 1, Terran Infantry Armor Level 1  
  61  6:30  SCV x2  
  61  6:31  Barracks  
  64  6:33  Combat Shield  
  64  6:35  Marine  
  64  6:37  Marine  
  64  6:38  Marine  
  67  6:40  Factory Reactor  
  67  6:41  Marine  
  67  6:43  Orbital Command  
  67  6:46  SCV x2  
  70  6:48  Marine  
  70  6:50  Medivac  
  70  6:53  Marine, Medivac  
  76  6:57  Supply Depot  
  76  7:00  Marine x3  
  79  7:02  SCV  
  79  7:03  SCV  
  81  7:09  SCV  
  81  7:13  Barracks Reactor  
  81  7:14  SCV  
  83  7:17  Barracks Reactor  
  83  7:18  Marine x5  
  83  7:21  Supply Depot  
  88  7:23  SCV  
  89  7:30  Widow Mine x2  
  89  7:31  SCV  
  89  7:36  Marine x4, SCV  
  99  7:37  Armory  
  99  7:38  SCV  
  100  7:45  Marine  
  100  7:48  SCV  
  100  7:49  SCV  
  100  7:50  SCV  
  104  7:52  Supply Depot x2  
  104  7:53  Marine  
  104  7:54  Supply Depot, Widow Mine  
  104  7:57  Marine, Widow Mine  
  110  8:01  SCV  
  110  8:02  Factory  
  111  8:13  Supply Depot, Marine x3, Medivac, SCV x2  
  111  8:14  Medivac  
  120  8:20  Marine x5  
  120  8:24  Terran Infantry Weapons Level 2  
  120  8:26  Terran Infantry Armor Level 2, Marine  
  126  8:28  SCV  
  126  8:29  SCV  
  128  8:34  Supply Depot  
  128  8:35  Marine x2  
  128  8:36  Marine  
  128  8:38  Widow Mine x2  
  128  8:40  SCV  
  133  8:42  Marine x2  
  133  8:43  Marine  
  133  8:44  SCV x2  
  133  8:46  Medivac  
  133  8:47  Medivac  
  142  8:52  Marine  
  142  8:55  Factory Tech Lab, Marine x3  
  146  9:04  Command Center  
  146  9:05  Marine x3  
  148  9:11  Marine x2  
  148  9:16  Medivac x2  
  153  9:22  Widow Mine x2  
  153  9:23  Drilling Claws  
  157  9:27  Barracks  
  157  9:29  Barracks x2, Supply Depot x2, Siege Tank  
  160  9:36  Marine x4  
  160  9:38  SCV, Marine x2  
  153  9:41  Marine  
  153  9:42  Marine  
  153  9:43  Marine  
  154  9:47  Widow Mine  
  154  9:48  Widow Mine  
  158  9:54  Marine  
  158  9:56  Marine x5  
  158  9:57  Liberator  
  158  9:59  Marine x2  
  156  10:02  Marauder  
  159  10:10  Siege Tank  
  159  10:12  Marine  
  159  10:14  Marine  
  159  10:15  Marine x2  
  159  10:20  Marine  
  159  10:21  Marine x3  
  163  10:23  Marine, Barracks Tech Lab x3  
  163  10:27  SCV  
  164  10:30  Marine  
  164  10:31  Marine  
  164  10:33  Marine  
  156  10:35  Marine  
  156  10:38  Marine x2  
  156  10:39  Marine x2  
  156  10:40  Widow Mine x2  
  156  10:41  Liberator, Marauder  
  170  10:45  Siege Tank  
  170  10:48  Marine  
  170  10:49  Marine  
  175  10:53  Concussive Shells, Marauder x3  
  181  10:59  Marine x4  
  181  11:00  Marine  
  181  11:02  Marauder  
  188  11:08  Marine x3  
  155  11:14  Marauder x2  
  155  11:15  Marine  
  155  11:16  Marine  
  155  11:17  SCV x2  
  143  11:18  Marine x2  
  143  11:19  Marine x2  
  143  11:24  Marauder  
  138  11:26  Marine  
  138  11:31  Marine  
  138  11:32  Marine  
  135  11:33  Marauder  
  135  11:34  SCV, Marine  
  135  11:35  Marine  
  135  11:36  Marauder, Marine  
  142  11:45  Marine x2  
  142  11:46  Marine, Marauder  
  147  11:48  Marine  
  147  11:52  SCV x3  
  147  11:54  Marauder  
  153  11:55  Marauder  
  153  11:56  Liberator x2  
  153  12:00  Marine x2, Marauder  
  165  12:04  Marine x2  
  165  12:07  Marauder  
  169  12:13  Widow Mine x2, Siege Tank  
  169  12:14  Marine x3  
  169  12:15  Marauder  
  177  12:24  Marine x2, Marauder  
  177  12:25  Marauder  
  177  12:29  Planetary Fortress  
  180  12:31  SCV x3  
  180  12:35  Marine  
  180  12:36  Marine, Marauder  
  187  12:40  Marauder  
  187  12:42  Marine x2  
  187  12:43  Marine x2  
  179  12:46  Marauder x2  
  179  12:48  Marine x2  
  170  12:56  Marine x2  
  170  12:57  SCV, Marauder  
Tags
 
Add a new tag
Caveats
  • Supply blocks, unpowered buildings, or Contaminate may cause inaccurate times.
  • Supply counts are checked every 10 seconds.